 Dungeon Crawl Stone Soup version 0.18-a0-1466-g2490093 (webtiles) character file.

398 gorblad the Conjurer (level 6, -3/45 HPs)
             Began as a Demigod Conjurer on Mar 1, 2016.
             Slain by a mummy (17 damage)
             ... in an ossuary.
             The game lasted 00:16:10 (4001 turns).

gorblad the Conjurer (Demigod Conjurer)             Turns: 4001, Time: 00:16:11

Health: -3/45      AC:  5    Str: 11    XL:     6   Next: 27%
Magic:  0/14       EV: 12    Int: 23    God:
Gold:   249        SH:  0    Dex: 16    Spells: 2 memorised, 9 levels left

rFire  + . .     SeeInvis .     k - +1 short sword (speed)
rCold  . . .     Gourm    .     a - +0 robe
rNeg   . . .     Faith    .     (no shield)
rPois  .         Spirit   .     (no helmet)
rElec  .         Dismiss  .     j - +1 cloak
rCorr  .         Reflect  .     m - +0 pair of gloves {archery}
SustAt +         Harm     .     (no boots)
MR     .....     Clarity  +     (no amulet)
Stlth  +++.......               (no ring)
                                (no ring)

@: not resistant to hostile enchantments, fairly stealthy
A: clarity, fire resistance 1, high mp 1, sustain attributes
a: no special abilities


You were in an ossuary.
You were not hungry.

You visited 1 branch of the dungeon, and saw 4 of its levels.
You also visited: Ossuary.

You collected 249 gold pieces.

Inventory:

Hand Weapons
 k - a +1 short sword of speed (weapon)
Armour
 a - a +0 robe (worn)
 j - a +1 cloak (worn)
 m - a +0 pair of gloves of archery (worn)
Wands
 l - a wand of digging (9/24)
 s - a wand of lightning (9/15)
Scrolls
 o - 4 scrolls of remove curse
 q - a scroll of amnesia
 r - a scroll of fear {unknown}
 v - a scroll of recharging {unknown}
Potions
 e - a potion of cure mutation
 g - a potion of agility
 i - a potion of lignification {unknown}
 n - 2 potions of curing
 p - a potion of invisibility
 u - a potion of cancellation
Books
 b - a book of Conjurations

   Spells                             Type                      Level
   a - Magic Dart                     Conjuration                  1
   b - Searing Ray                    Conjuration                  2
   c - Dazzling Spray                 Conjuration/Hexes            3
   d - Fulminant Prism                Conjuration/Hexes            4
   e - Iskenderun's Mystic Blast      Conjuration                  4
   f - Iskenderun's Battlesphere      Conjuration/Charms           5
Comestibles
 c - 4 bread rations
 f - a royal jelly
 h - 4 meat rations
 t - 2 fruits


   Skills:
 - Level 1.7 Dodging
 + Level 4.1 Stealth
 + Level 3.5 Spellcasting
 + Level 5.2 Conjurations


You had 9 spell levels left.
You knew the following spells:

 Your Spells              Type           Power        Failure   Level  Hunger
a - Magic Dart            Conj           ####         1%          1    None
b - Searing Ray           Conj           ####..       1%          2    #......


Dungeon Overview and Level Annotations

Branches:
Dungeon (4/15)
 Temple: D:4-7


Innate Abilities, Weirdness & Mutations

You have an increased reservoir of magic (+10% MP).
Your attributes are resistant to harm.
You possess an exceptional clarity of mind.
Your flesh is heat resistant.


Message History

You destroy the mummy!
Casting: Magic Dart
Confirm with . or Enter, or press ? or * to list all spells.
Aiming: Magic Dart
Press: ? - help, Shift-Dir - straight line, f - mummy
Aim: a mummy The magic dart hits the mummy.
The mummy is moderately damaged.
The mummy closely misses you. The mummy hits you.
You hit the mummy.
The mummy is moderately damaged.
You barely miss the mummy.
The mummy is moderately damaged.
The mummy hits you! The mummy barely misses you.
You hit the mummy.
The mummy is heavily damaged.
You hit the mummy.
The mummy is heavily damaged.
The mummy hits you!! The mummy hits you!
You die...

...........
.........
........
......
#....#
#....#
#.MM.#
#.@..#
#....#
#....#
#....#
#....#
#.∩∩.#
######


You could see 2 mummies.

Vanquished Creatures
  An ogre (D:4)
  A giant frog skeleton (D:4)
  An orc priest (D:4)
  An iron imp (D:3)
  An orc wizard (D:4)
  Jessica (D:3)
  Natasha (twice) (D:2)
  2 mummies (Ossuary)
  An adder (D:2)
  An ooze (D:3)
  3 worms
  3 dart slugs (D:2)
  3 giant geckos
  2 orcs (D:4)
  4 giant cockroaches
  2 gnoll zombies (Ossuary)
  5 hobgoblins
  A quokka (D:3)
  A ball python (D:1)
  4 bats
  2 giant newts
  11 goblins
  A hobgoblin zombie (Ossuary)
  13 kobolds
  2 kobold zombies (Ossuary)
  2 orc zombies (Ossuary)
  3 rats
74 creatures vanquished.

Notes
Turn   | Place    | Note
--------------------------------------------------------------
     0 | D:1      | gorblad the Demigod Conjurer began the quest for the Orb.
     0 | D:1      | Reached XP level 1. HP: 14/14 MP: 5/5
   566 | D:1      | Reached XP level 2. HP: 20/20 MP: 5/7
  1404 | D:2      | Found a stormy altar of Qazlal.
  1427 | D:2      | Found a radiant altar of Vehumet.
  1452 | D:2      | Noticed Natasha
  1461 | D:2      | Killed Natasha
  1461 | D:2      | Reached skill level 4 in Conjurations
  1461 | D:2      | Reached XP level 3. HP: 19/26 MP: 1/9
  1870 | D:2      | Learned a level 2 spell: Searing Ray
  1999 | D:2      | Noticed Natasha
  2008 | D:2      | Killed Natasha
  2008 | D:2      | Reached XP level 4. HP: 17/33 MP: 0/10
  2587 | D:3      | Noticed Jessica
  2594 | D:3      | Killed Jessica
  2778 | D:3      | Found a burning altar of Makhleb.
  2838 | D:3      | Reached XP level 5. HP: 28/38 MP: 2/12
  3182 | D:3      | Found a shattered altar of Ashenzari.
  3300 | D:3      | Gained mutation: You possess an exceptional clarity of mind. [potion of beneficial mutation]
  3302 | D:3      | Gained mutation: Your flesh is heat resistant. [potion of beneficial mutation]
  3552 | D:4      | Reached skill level 5 in Conjurations
  3696 | D:4      | Noticed an ogre
  3706 | D:4      | Killed an ogre
  3706 | D:4      | Reached XP level 6. HP: 43/45 MP: 0/14
  3790 | D:4      | Found a sand-covered staircase.
  3803 | Ossuary  | Entered an ossuary
  4001 | Ossuary  | Slain by a mummy

Vault maps used:
D:1:      lightli_molten_gateway, serial_co_window_serial, co_window_cross_1,
          co_window_paths_a, co_window_corner_a, co_window_paths_a,
          co_window_corner_a, co_window_corner_b, co_window_cross_2,
          co_window_paths_c, co_window_broadway_c, co_window_paths_e,
          st_stairs_10
D:2:      nicolae_overflow_hidden_temple, vehumet_crystals, uniq_natasha
D:3:      old_standard_altar, makhleb_grotto_becter, first_bread, uniq_jessica
D:4:      lemuel_crystal_altar, nicolae_ossuary_entry_monument
Ossuary:  ossuary_tomb_3

Skill      XL: |  1  2  3  4  5 |
---------------+----------------+-----
Stealth        | 2 3 4 |  4.1
Spellcasting   | 2 3 |  3.5
Conjurations   | 4 5 |  5.2
Dodging        | |  1.7

Action                   |  1- 3 |  4- 6 || total
-------------------------+-------+-------++-------
Melee: Unarmed           |    24 |       ||    24
       Short sword       |    12 |    30 ||    42
       Dagger            |     6 |       ||     6
 Cast: Magic Dart        |    80 |   126 ||   206
       Searing Ray       |     4 |    14 ||    18
  Use: Scroll            |     4 |    10 ||    14
       Potion            |       |     6 ||     6
  Eat: Chunk             |     2 |     7 ||     9
       Beef jerky        |     1 |       ||     1
